 Dungeon Crawl Stone Soup version 0.21-a0-476-gd103f4b (webtiles) character file.

26 kae the Ruffian (level 2, 0/23 HPs)
             Began as a Draconian Transmuter on Nov 22, 2017.
             Succumbed to an adder's poison
             ... on level 2 of the Dungeon.
             The game lasted 00:00:47 (712 turns).

kae the Ruffian (Draconian Transmuter)               Turns: 712, Time: 00:00:47

Health: 0/23       AC:  4    Str: 12    XL:     2   Next: 89%
Magic:  5/5        EV: 12    Int: 13    God:
Gold:   61         SH:  0    Dex: 11    Spells: 4/5 levels left

rFire    . . .     SeeInvis .   f - +0 hand axe
rCold    . . .     Gourm    .   (no shield)
rNeg     . . .     Faith    .   (armour unavailable)
rPois    .         Spirit   .   (helmet restricted)
rElec    .         Reflect  .   (no cloak)
rCorr    .         Harm     .   (no gloves)
MR       .....                  (no boots)
Stlth    +.........             (no amulet)
HPRegen  0.07/turn              (no ring)
MPRegen  0.09/turn              (no ring)

@: lethally poisoned (0 -> -15)
A: unfitting armour, cold-blooded, AC +4
a: no special abilities


You were on level 2 of the Dungeon.
You were not hungry.

You visited 1 branch of the dungeon, and saw 2 of its levels.

You collected 61 gold pieces.

Inventory:

Hand Weapons
 f - a +0 hand axe (weapon)
Missiles
 a - 12 arrows
Scrolls
 e - 3 scrolls of remove curse
Potions
 d - a potion of curing
Books
 b - a book of Changes

   Spells                             Type                      Level
   a - Beastly Appendage              Transmutation                1
   b - Sticks to Snakes               Transmutation                2
   c - Spider Form                    Transmutation/Poison         3
   d - Ice Form                       Ice/Transmutation            4
   e - Blade Hands                    Transmutation                5
Comestibles
 c - 2 bread rations
 g - a meat ration


   Skills:
 - Level 1.1 Fighting
 - Level 1.7 Dodging
 * Level 3.5 Unarmed Combat
 + Level 2.2 Spellcasting
 * Level 2.6 Transmutations


You had 4 spell levels left.
You knew the following spells:

 Your Spells              Type           Power        Failure   Level  Hunger
a - Beastly Appendage     Tmut           #.....       9%          1    ##.....


Dungeon Overview and Level Annotations

Branches:
Dungeon (2/15)

Altars:


Innate Abilities, Weirdness & Mutations

Your plain brown scales are hard. (AC +4)
You cannot fit into any form of body armour.
You are cold-blooded and may be slowed by cold attacks.


Message History

Forget which spell ([?*] list [ESC] exit)?
Forget which spell ([?*] list [ESC] exit)?
Okay, then.
* * * LOW HITPOINT WARNING * * *
You feel sick. The adder barely misses you.
Unknown command.
As you read the scroll labeled AZAKKI TUGU, it crumbles to dust.
It is a scroll of enchant armour.
You aren't carrying any armour which can be enchanted further.
* * * LOW HITPOINT WARNING * * *
You feel sick. The adder bites you.
* * * LOW HITPOINT WARNING * * *
The adder bites you.
* * * LOW HITPOINT WARNING * * *
The goblin barely misses you. The adder barely misses you.
The adder bites you but does no damage.
As you read the scroll labeled SUOROZ WO FUDI, it crumbles to dust.
It is a scroll of identify.
d - a potion of curing You die...

#[....( .....
#..#.>## .....
#.....####.....
#..............
#..............
#.##..............
#.........[.......
#..<.)@S...)..
#....gS....#..
..............#
..#...............
..............###
####...........#
#.#####.##### #.
..#


You could see 2 adders and a goblin.

Vanquished Creatures
  A dart slug (D:1)
  6 bats (D:1)
  2 giant cockroaches (D:1)
  3 goblins (D:1)
  4 hobgoblins
  2 kobolds (D:1)
  A frilled lizard (D:1)
  3 rats (D:1)
22 creatures vanquished.

Notes
Turn   | Place    | Note
-------+----------+-------------------------------------------
     0 | D:1      | kae the Draconian Transmuter began the quest for the Orb.
     0 | D:1      | Reached XP level 1. HP: 16/16 MP: 3/3
   103 | D:1      | Reached XP level 2. HP: 23/23 MP: 5/5
   711 | D:2      | HP: 1/23 [adder (1)]
   712 | D:2      | Succumbed to an adder's poison

Vault maps used:
D:1:      saegor_arrival_simple_a, minivault_27, minmay_misc_feat_roman
D:2:      led_sif_pool, fedhas_altar_4

Action                   || total
-------------------------++-------
Melee: Unarmed           ||    24
       Tailslap          ||     6
       Headbutt          ||     1
       Hand axe          ||    42
       Kick              ||     3
 Cast: Beastly Appendage ||     2
  Use: Scroll            ||     4
 Stab: Sleeping          ||     1
Armor: Skin              ||    36
Dodge: Dodged            ||    62

Table legend:
 A = Spawn XP
 B = Non-spawn XP
 C = Spawn XP percentage of total XP
 D = Spawn monster count
 E = Non-spawn monster count
 F = Spawn count percentage of total count
 G = Total turns spent on level
                    A         B        C        D         E        F      G
               +---------+---------+-------+---------+---------+-------+---------
         Total |       0 |      38 |   0.0 |       0 |      22 |   0.0 |   712
               +---------+---------+-------+---------+---------+-------+---------
           D:1 |       0 |      36 |   0.0 |       0 |      21 |   0.0 |   702
           D:2 |       0 |       2 |   0.0 |       0 |       1 |   0.0 |    10
               +---------+---------+-------+---------+---------+-------+---------
